 Dungeon Crawl Stone Soup version 0.23-a0-435-g79ed067 (webtiles) character file.

565 Geeful the Sneak (level 7, -9/36 HPs)
             Began as a Kobold Enchanter on Nov 15, 2018.
             Mangled by an ogre
             ... wielding a +0 giant club
              (20 damage)
             ... on level 5 of the Dungeon.
             The game lasted 00:16:08 (4651 turns).

Geeful the Sneak (Kobold Enchanter)                 Turns: 4651, Time: 00:16:08

Health: -9/36      AC:  3    Str:  7    XL:     7   Next: 58%
Magic:  8/10       EV: 18    Int: 17    God:
Gold:   187        SH:  0    Dex: 15    Spells: 7/10 levels left

rFire    . . .     SeeInvis +   j - +1 dagger (drain)
rCold    . . .     Gourm    .   (shield restricted)
rNeg     . . .     Faith    .   b - +1 robe
rPois    .         Spirit   .   (no helmet)
rElec    .         Reflect  .   (no cloak)
rCorr    .         Harm     +   (no gloves)
MR       .....                  (no boots)
Stlth    ++++......             g - amulet of harm
HPRegen  0.12/turn              e - ring of see invisible
MPRegen  0.12/turn              (no ring)

@: very slightly contaminated
A: small, carnivore
a: no special abilities


You were on level 5 of the Dungeon.
You were very full.

You visited 1 branch of the dungeon, and saw 5 of its levels.

You collected 187 gold pieces.

Inventory:

Hand Weapons
 j - a +1 dagger of draining (weapon)
Missiles
 c - 173 stones (quivered)
Armour
 b - a +1 robe (worn)
Jewellery
 e - a ring of see invisible (left hand)
 g - an amulet of harm (around neck)
Scrolls
 i - 3 scrolls of magic mapping {unknown}
 q - a scroll of enchant weapon {unknown}
Potions
 a - a potion of mutation
 f - 2 potions of brilliance {unknown}
 h - 2 potions of haste {unknown}
 k - 2 potions of heal wounds {unknown}
 l - 2 potions of lignification {unknown}
 m - 3 potions of curing
 n - 2 potions of magic {unknown}
 o - a potion of cancellation {unknown}
 p - a potion of flight {unknown}
Comestibles
 d - 8 rations


   Skills:
 + Level 5.8 Short Blades
 + Level 5.7 Dodging
 + Level 7.3 Stealth
 - Level 2.1 Spellcasting
 - Level 3.0 Hexes


You had 7 spell levels left.
You knew the following spells:

 Your Spells              Type           Power        Failure   Level  Hunger
a - Corona                Hex            ##.....      5%          1    #......
b - Ensorcelled Hibernat  Hex/Ice        #.....       16%         2    ###....

Your spell library contained the following spells:

 Spells                   Type           Power        Failure   Level  Hunger
 Confuse                  Hex            ##......     17%         3    ###....
 Tukima's Dance           Hex            ##......     17%         3    ###....
 Magic Dart               Conj           #...         19%         1    #......
 Sandblast                Erth           #.....       19%         1    #......
 Passwall                 Tmut/Erth      #.......     28%         2    ###....
 Searing Ray              Conj           #.....       28%         2    ###....
 Dazzling Spray           Conj/Hex       #.....       30%         3    ###....
 Stone Arrow              Conj/Erth      #.....       50%         3    ###....
 Fulminant Prism          Conj/Hex       #.........   71%         4    #####..
 Force Lance              Conj/Tloc      #.......     88%         4    #####..
 Iskenderun's Mystic Bla  Conj           #.......     88%         4    #####..
 Petrify                  Tmut/Erth      #.......     88%         4    #####..
 Lee's Rapid Deconstruct  Erth           #.........   99%         5    ######.


Dungeon Overview and Level Annotations

Branches:
Dungeon (5/15)
 Temple: D:4-7

Altars:
Zin


Innate Abilities, Weirdness & Mutations

You are small and have problems with some larger weapons.
You are carnivorous and can eat meat at any time.


Message History

Your magical contamination has completely faded away.
You start resting.
Magic restored.
You climb downwards.
You hear the sound of rushing water.
There is an entrance to a sewer on this level.
Hurry and find it before the You hear the slow rusting of a very distant drain.
The ogre hits you with a +0 giant club!!
Ouch! That really hurt!
There is a stone staircase leading up, spattered with blood here.
Casting: Ensorcelled Hibernation (safe; 16% risk of failure)
Confirm with . or Enter, or press ? or * to list all spells.
Aiming: Ensorcelled Hibernation (safe; 16% risk of failure)
Press: ? - help, Shift-Dir - straight line, f - ogre
Aim: an ogre, wielding a +0 giant club (chance to defeat MR: 37%)
You miscast Ensorcelled Hibernation.
You are very lightly contaminated with residual magic.
Nothing appears to happen.
The ogre hits you with a +0 giant club!
Ouch! That really hurt!
You die...

............#
............#
.>..........#
.....#####†##
.... #......#
#+# #......#
#......#
#......#
###.O@##
#####


You could see an ogre.

Vanquished Creatures
  An orc warrior (D:3)
  An ogre (D:3)
  A bullfrog (D:5)
  2 orc priests (D:4)
  A bullfrog skeleton (D:4)
  2 orc wizards (D:4)
  A worker ant (D:5)
  4 adders
  2 oozes (D:3)
  4 worms
  3 dart slugs
  3 leopard geckos
  11 orcs
  4 giant cockroaches
  12 goblins
  8 hobgoblins
  5 jackals
  8 kobolds
  2 quokkas (D:3)
  A ball python (D:2)
  6 bats
  4 frilled lizards
  4 rats
90 creatures vanquished.

Notes
Turn   | Place    | Note
-------+----------+-------------------------------------------
     0 | D:1      | Geeful the Kobold Enchanter began the quest for the Orb.
     0 | D:1      | Reached XP level 1. HP: 10/10 MP: 3/3
   133 | D:1      | Reached XP level 2. HP: 15/15 MP: 5/5
   137 | D:1      | Learned a level 2 spell: Ensorcelled Hibernation
   732 | D:1      | Reached XP level 3. HP: 19/19 MP: 6/6
  1388 | D:2      | Reached XP level 4. HP: 24/24 MP: 7/7
  1430 | D:2      | Reached skill level 5 in Stealth
  2193 | D:3      | Noticed an ogre
  2207 | D:3      | Killed an ogre
  2207 | D:3      | Reached XP level 5. HP: 28/28 MP: 5/8
  2675 | D:3      | Noticed an orc warrior
  2794 | D:3      | Reached XP level 6. HP: 19/32 MP: 6/9
  2933 | D:3      | Killed an orc warrior
  2933 | D:3      | Reached skill level 6 in Stealth
  3504 | D:4      | Reached skill level 5 in Dodging
  3634 | D:4      | Reached skill level 5 in Short Blades
  3858 | D:4      | Reached XP level 7. HP: 36/36 MP: 7/10
  3995 | D:4      | Reached skill level 7 in Stealth
  4504 | D:4      | Found a glowing silver altar of Zin.
  4577 | D:5      | Entered Level 5 of the Dungeon
  4651 | D:5      | Mangled by an ogre

Vault maps used:
D:1:      lemuel_arrival_lava_pool
D:2:      minmay_pentomino_u2
D:3:      kennysheep_generic_room_6
D:4:      nicolae_overflow_hidden_temple
D:5:      lemuel_doored_altar, gup_sewer_entry_glass, first_ration

Skill      XL: |  1  2  3  4  5  6  7 |
---------------+----------------------+-----
Short Blades   | 2 4 5 |  5.8
Dodging        | 3 4 5 |  5.7
Stealth        | 5 6 7 |  7.3
Spellcasting   | |  2.1
Hexes          | |  3.0

Action                   |  1- 3 |  4- 6 |  7- 9 || total
-------------------------+-------+-------+-------++-------
Melee: Dagger            |    97 |   100 |    14 ||   211
Throw: Stone             |       |     4 |     1 ||     5
 Cast: Corona            |     6 |       |       ||     6
       Ensorcelled Hiber |     3 |    20 |    12 ||    35
  Use: Scroll            |     2 |     4 |       ||     6
 Stab: Sleeping          |    17 |    26 |    10 ||    53
  Eat: Chunk             |    10 |     5 |     6 ||    21
Armor: Robe              |    10 |    10 |       ||    20
Dodge: Dodged            |    65 |    54 |    10 ||   129

Table legend:
 A = Non-vault XP
 B = Vault XP
 C = Vault XP percentage of total XP
 D = Non-vault monster count
 E = Vault monster count
 F = Vault count percentage of total count
                 A         B        C        D         E       F
            +---------+---------+-------+---------+---------+-------
      Total |     794 |      14 |   1.7 |      86 |       4 |   4.4
            +---------+---------+-------+---------+---------+-------
        D:1 |      37 |       0 |   0.0 |      20 |       0 |   0.0
        D:2 |      55 |       7 |  11.3 |      20 |       2 |   9.1
        D:3 |     333 |       7 |   2.1 |      29 |       2 |   6.5
        D:4 |     247 |       0 |   0.0 |      15 |       0 |   0.0
        D:5 |     122 |       0 |   0.0 |       2 |       0 |   0.0
            +---------+---------+-------+---------+---------+-------
